 Dungeon Crawl Stone Soup version 0.17-a0-1056-g838d5c0 (webtiles) character file.

1740 Hanyuu the Martial Artist (level 9, -1/84 HPs)
             Began as an Octopode Transmuter on May 14, 2015.
             Slain by a killer bee (5 damage)
             ... on level 7 of the Dungeon on May 16, 2015.
             The game lasted 00:28:44 (8541 turns).

Hanyuu the Martial Artist (Octopode Transmuter)     Turns: 8541, Time: 00:28:44

Health: -1/84      AC: 24    Str:  9    XL:     9   Next: 5%
Magic:  0/14       EV:  2    Int: 18    God:
Gold:   246        SH:  0    Dex: 13    Spells: 3 memorised, 9 levels left

rFire  + . .     SeeInvis .       - Unarmed
rCold  . . .     Clarity  .     (no shield)
rNeg   + + +     SustAb   .     (helmet currently unavailable)
rPois  +         Gourm    .     s - amulet of guardian spirit
rElec  .         Spirit   +     j - ring of stealth
rCorr  .         Warding  .     q - ring of protection from fire
rMut   .         NoTele   +     (no ring)
MR     .....                    (no ring)
Stlth  ++........               (no ring)
                                (no ring)
                                (no ring)
                                (no ring)

@: lethally poisoned (-1 -> -5), tree-form, very slightly contaminated, hasted,
very quick, not resistant to hostile enchantments, unstealthy
A: almost no armour, amphibious, 8 rings, (constrict 8), (camouflage 0),
(gelatinous body 0)
a: no special abilities


You were on level 7 of the Dungeon.
You were not hungry.
You were a tree.
You visited 1 branch of the dungeon, and saw 7 of its levels.
You also visited: Ossuary.

You collected 246 gold pieces.

Inventory:

Hand weapons
 a - a +1 hunting sling of flaming
Missiles
 g - 27 poisoned needles
 h - 14 sling bullets
 n - 4 javelins (quivered)
 C - 50 arrows
 D - 94 stones
Jewellery
 j - a ring of stealth (left branch)
 q - a ring of protection from fire (right branch)
 s - an amulet of guardian spirit (around neck)
 J - the ring "Osoups" {+Fly MR+ Str-2 Stlth-}
   (You found it on level 6 of the Dungeon)

   [ring of loudness]

   It affects your strength (-2).
   It affects your resistance to hostile enchantments.
   It lets you fly.
   It makes you less stealthy.
Magical devices
 m - a wand of flame (16)
 t - a wand of slowing (4)
 K - a wand of confusion (37)
Scrolls
 d - 3 scrolls of magic mapping
 e - a scroll of noise {unknown}
 f - a scroll of fog {unknown}
 k - 3 scrolls of remove curse
 o - a scroll of blinking {unknown}
 p - a scroll of enchant armour
 v - a scroll of enchant weapon {unknown}
 y - 3 scrolls of recharging {unknown}
 H - 7 scrolls of identify
 L - a scroll of fear {unknown}
Potions
 l - a potion of cancellation {unknown}
 r - 2 potions of poison
 x - 2 potions of agility
 z - a potion of flight {unknown}
 A - a potion of berserk rage {unknown}
 F - 3 potions of lignification
 G - a potion of degeneration {unknown}
 I - 2 potions of curing {unknown}
Books
 b - a book of Changes

   Spells                             Type                      Level
   a - Beastly Appendage              Transmutation                1
   b - Sticks to Snakes               Transmutation                2
   c - Spider Form                    Transmutation/Poison         3
   d - Ice Form                       Ice/Transmutation            4
   e - Blade Hands                    Transmutation                5
 B - a book of Conjurations

   Spells                             Type                      Level
   a - Magic Dart                     Conjuration                  1
   b - Searing Ray                    Conjuration                  2
   c - Dazzling Spray                 Conjuration/Hexes            3
   d - Fulminant Prism                Conjuration/Hexes            4
   e - Iskenderun's Mystic Blast      Conjuration                  4
   f - Iskenderun's Battlesphere      Conjuration/Charms           5
Comestibles
 c - 5 bread rations
 i - 2 meat rations
 u - 3 beef jerkies
 w - a royal jelly
 M - 2 chunks of flesh


   Skills:
 - Level 3.0 Fighting
 - Level 3.0 Dodging
 * Level 9.8 Unarmed Combat
 + Level 3.6 Spellcasting
 - Level 4.0 Transmutations


You had 9 spell levels left.
You knew the following spells:

 Your Spells              Type           Power        Failure   Level  Hunger
a - Beastly Appendage     Trmt           ###...       3%          1    None
b - Sticks to Snakes      Trmt           ###.......   6%          2    ##.....
c - Spider Form           Trmt/Pois      ##........   24%         3    ###....


Dungeon Overview and Level Annotations

Branches:
Dungeon (7/15)             Temple (0/1) D:7

Altars:
Ashenzari
Cheibriados
Kikubaaqudgha
Nemelex Xobeh
Okawaru
Qazlal
Sif Muna
Trog
Vehumet
Xom
Yredelemnul
The Shining One


Innate Abilities, Weirdness & Mutations

You cannot wear most types of armour.
You are amphibious.
You can wear up to eight rings at the same time.
((You can use your tentacles to constrict eight enemies at once.))
((Your skin changes colour to match your surroundings (Stealth).))
((Your rubbery body absorbs attacks (AC +1).))


Message History

The killer bee barely misses you.
You feel sick. The killer bee closely misses you.
You feel sick. The killer bee stings you.
* * * LOW HITPOINT WARNING * * *
You are lethally poisoned!
The killer bee poisons you!
Drink which item? (? for menu, Esc to quit)
It was a potion of lignification.
You turn into a tree.
Your roots penetrate the ground.
* * * LOW HITPOINT WARNING * * *
You feel sick.
The killer bee stings you but does no damage.
You hit the killer bee.
The killer bee is heavily wounded.
The killer bee stings you but does no damage.
Drink which item? (? for menu, Esc to quit)
It was a potion of poison.
You feel slightly nauseous.
* * * LOW HITPOINT WARNING * * *
You feel sick. The killer bee stings you.
You die... #)# .. # #)# ##y# #.+ >+y+

#)# ##.# #)# .y. #.###+#
#.....#
#####################.#####
.<..............♣yy...#
#######################


You could see 2 killer bees.

Vanquished Creatures
  The ghost of Lugonue the Gusty, an average TeAE (D:4)
  2 orc warriors
  An ice beast (D:6)
  A sky beast (D:6)
  An elf zombie (Ossuary)
  A giant frog (D:6)
  A scorpion (D:5)
  A killer bee (D:7)
  3 centaur zombies
  3 crimson imps
  2 iguanas
  Ijyb (D:4)
  A human zombie (Ossuary)
  2 hounds
  A jelly (D:5)
  Jessica (D:2)
  3 worker ants
  Terence (D:2)
  3 orc priests
  4 orc wizards
  A mummy (Ossuary)
  A worker ant zombie (D:5)
  A gnoll (D:2)
  7 adders
  3 oozes
  2 adder zombies
  2 worms
  2 giant geckos
  15 orcs
  A ball python (D:2)
  13 bats
  7 giant cockroaches
  12 goblins
  7 hobgoblins
  A quokka (D:7)
  7 giant newts
  3 goblin zombies (Ossuary)
  7 hobgoblin zombies (Ossuary)
  A jackal skeleton (D:7)
  A jackal zombie (D:5)
  13 kobolds
  8 kobold zombies (Ossuary)
  11 orc zombies (Ossuary)
  A quokka skeleton (D:4)
  9 rats
  A rat zombie (Ossuary)
171 creatures vanquished.

Vanquished Creatures (collateral kills)
  A human zombie (Ossuary)
  A mummy (Ossuary)
2 creatures vanquished.

Vanquished Creatures (others)
  A scorpion (D:4)
  2 adders (D:4)
  An orc (D:4)
  A hobgoblin (D:4)
  A bat (D:4)
  2 giant cockroaches (D:4)
  A rat (D:4)
9 creatures vanquished.

Grand Total: 182 creatures vanquished

Notes
Turn   | Place    | Note
--------------------------------------------------------------
     0 | D:1      | Hanyuu the Octopode Transmuter began the quest for the Orb.
     0 | D:1      | Reached XP level 1. HP: 13/13 MP: 3/3
   503 | D:1      | Reached XP level 2. HP: 6/18 MP: 5/5
   694 | D:1      | Learned a level 2 spell: Sticks to Snakes
   706 | D:1      | Found a sparkling altar of Nemelex Xobeh.
  1159 | D:2      | Noticed Terence
  1250 | D:2      | Noticed Jessica
  1262 | D:2      | Killed Jessica
  1262 | D:2      | Reached skill level 4 in Unarmed Combat
  1262 | D:2      | Reached XP level 3. HP: 14/23 MP: 6/6
  1267 | D:2      | Learned a level 3 spell: Spider Form
  1598 | D:2      | Reached XP level 4. HP: 10/28 MP: 7/7
  1983 | D:2      | Found an ancient bone altar of Kikubaaqudgha.
  2114 | D:2      | Killed Terence
  2114 | D:2      | Reached skill level 5 in Unarmed Combat
  2488 | D:2      | Reached XP level 5. HP: 33/33 MP: 8/8
  2677 | D:2      | Found a snail-covered altar of Cheibriados.
  2763 | D:2      | Found a stormy altar of Qazlal.
  3214 | D:3      | Found a deep blue altar of Sif Muna.
  3493 | D:2      | Found a shattered altar of Ashenzari.
  3493 | D:2      | Found a basalt altar of Yredelemnul.
  3615 | D:4      | Found a glowing golden altar of the Shining One.
  3680 | D:4      | Found a sand-covered staircase.
  3695 | Ossuary  | Entered an ossuary
  3903 | Ossuary  | Reached XP level 6. HP: 20/38 MP: 1/9
  3905 | Ossuary  | Reached skill level 6 in Unarmed Combat
  4654 | D:4      | Found a sparkling altar of Nemelex Xobeh.
  4704 | D:4      | Found a shimmering altar of Xom.
  4858 | D:4      | Noticed Lugonue's ghost (average TeAE)
  4917 | D:4      | Killed Lugonue's ghost
  4917 | D:4      | Reached skill level 7 in Unarmed Combat
  4917 | D:4      | Reached XP level 7. HP: 4/45 MP: 0/10
  5262 | D:4      | Noticed Ijyb
  5293 | D:4      | Killed Ijyb
  5724 | D:5      | Entered Level 5 of the Dungeon
  5915 | D:5      | Found an iron altar of Okawaru.
  5992 | D:5      | Reached skill level 8 in Unarmed Combat
  6140 | D:5      | Reached XP level 8. HP: 47/52 MP: 6/11
  6185 | D:5      | Found a bloodstained altar of Trog.
  7315 | D:6      | Reached skill level 9 in Unarmed Combat
  7567 | D:6      | Got a sparkling wooden ring
  7568 | D:6      | Identified the ring "Osoups" {+Fly MR+ Str-2 Stlth-} (You found it on level 6 of the Dungeon)
  7934 | D:6      | Upgraded the game from 0.17-a0-1037-gbf358b4 to 0.17-a0-1056-g838d5c0
  8042 | D:6      | Found a radiant altar of Vehumet.
  8429 | D:7      | Found a staircase to the Ecumenical Temple.
  8498 | D:7      | Reached XP level 9. HP: 34/56 MP: 3/14
  8541 | D:7      | HP: 4/84 [poisoned by a killer bee]
  8541 | D:7      | Slain by a killer bee

Vault maps used:
D:1:      enne_arrival_octagon_isle, nemelex_xobeh_ov_fountains_minmay
D:2:      nicolae_overflow_hidden_temple, cheibriados_altar_wand_db,
          uniq_jessica, uniq_terence
D:3:      lemuel_round_altar, minmay_misc_feat_plants
D:4:      kennysheep_the_goblin_king, lemuel_coloured_pillars_altar,
          xom_confusion_cloud, old_standard_altar, enter_ossuary_1,
          minmay_door_square
D:5:      nicolae_overflow_crystal_walls, lemuel_crystal_altar, first_bread
D:6:      kennysheep_mini_moat
D:7:      lemuel_crystal_altar, minmay_temple_entry_glassed_door
Ossuary:  ossuary_tomb_1

Action                   |  1- 3 |  4- 6 |  7- 9 || total
-------------------------+-------+-------+-------++-------
Melee: Unarmed           |    63 |   231 |   201 ||   495
 Fire: Hunting sling     |       |       |    12 ||    12
 Cast: Beastly Appendage |       |    12 |     1 ||    13
       Spider Form       |       |     3 |    13 ||    16
       Sticks to Snakes  |       |    10 |       ||    10
Evoke: Wand              |       |     1 |     3 ||     4
  Use: Scroll            |       |     9 |     1 ||    10
       Potion            |       |     3 |     3 ||     6
 Stab: Sleeping          |     4 |     3 |     5 ||    12
       Distracted        |       |       |     2 ||     2
  Eat: Meat ration       |     1 |       |       ||     1
       Chunk             |       |     5 |    11 ||    16
       Fruit             |       |     4 |     3 ||     7
       Beef jerky        |       |       |     1 ||     1
